cohdb
Replays
Latest Replays
All Replays
Popular Replays
Top Player Replays
Match Explorer
How It Works
Community
CoH3 Stats
Reddit
Sign in to upload your games and track your stats! →
Sign in with Steam
Match 40752758
Unlisted
Match 40752758
Overview
Messages
Build Orders
End
Kradschützen Motorcycle Team
Panzergrenadier Squad
Selects Panzerjäger Kommand Battlegroup
Selects Mine Fields
250 Light Carrier
Construct Light Support Kompanie
Assault Grenadier Squad
MG34 Team
Construct Mechanized Kompanie
Support Armor Elements
Assault Grenadier Squad
Vehicle Survival Package
StuG III D Assault Gun
2.5-tonne Medical Truck
Veteran Squad Leaders
Selects Tank Busters
Selects Crew Shock Tactics
254 Reconnaissance Tractor
StuG III D Assault Gun
Panzerjäger Mechanized Group
Marder III Tank Destroyer
Crew Shock Tactics
Kampfzeug
只愛❤毛妹
0
0
Comments
sign in to comment!
No comments posted yet!